Map: Hielo y cromo EJ

Players

Leavage

  • Race: Terran Terran
  • League: Platinum
  • Spawn Location: 7:00

IA (Medio) 1 - Winner!

  • Race: Terran Terran
  • Spawn Location: 1:00

VOD

Have the link to the VOD?

Description

Time

  • Played on: Aug. 9, 2020, 6:50 p.m.
  • Length: 12:10
Show
View Real Time Build Order
Export as new Build Order

Leavage Terran 

Build Orders: Reaper Expand 

Get SALT Encoding   

  12  0:01  SCV  
  13  0:13  SCV  
  14  0:18  Supply Depot  
  14  0:25  SCV  
  15  0:39  SCV  
  15  0:40  Barracks  
  16  0:46  Refinery  
  16  0:52  SCV  
  17  1:04  SCV  
  18  1:16  SCV  
  19  1:30  Reaper  
  20  1:32  Orbital Command  
  20  1:45  Command Center  
  20  2:00  Supply Depot  
  19  2:02  Marine, SCV  
  21  2:14  SCV  
  22  2:18  Factory  
  22  2:24  Refinery  
  22  2:26  Barracks Reactor, SCV  
  23  2:38  SCV  
  24  2:50  SCV  
  25  2:57  Orbital Command  
  25  3:02  SCV  
  25  3:05  Starport  
  26  3:06  Factory Tech Lab  
  26  3:07  Marine  
  26  3:08  Marine  
  28  3:12  Bunker  
  28  3:16  SCV  
  29  3:25  Marine x2  
  31  3:32  Cyclone  
  34  3:34  SCV x2  
  36  3:44  Starport Tech Lab  
  36  3:46  Marine x2  
  36  3:48  SCV x2  
  40  4:00  SCV x2  
  40  4:02  Supply Depot  
  42  4:04  Marine x2  
  42  4:08  Supply Depot  
  44  4:20  Raven  
  44  4:24  SCV x2  
  48  4:32  Supply Depot  
  48  4:33  Marine  
  48  4:34  Marine  
  48  4:35  Siege Tank  
  48  4:36  SCV x2  
  55  4:48  SCV x2  
  55  4:51  Marine x2  
  55  4:52  Command Center  
  59  5:00  SCV x2, Refinery  
  61  5:10  Barracks  
  61  5:13  Barracks  
  61  5:15  SCV x2  
  63  5:21  Marine  
  63  5:22  Marine  
  63  5:23  Siege Tank  
  63  5:27  SCV x2  
  70  5:28  Starport Reactor  
  70  5:49  Marine x2  
  73  5:50  SCV  
  73  5:58  Supply Depot x2  
  73  5:59  Refinery  
  73  6:03  SCV x2, Engineering Bay  
  75  6:04  Orbital Command, Engineering Bay  
  75  6:07  Armory  
  75  6:11  Siege Tank  
  75  6:13  Viking  
  75  6:17  Viking  
  82  6:20  Barracks Reactor  
  82  6:22  Orbital Command  
  82  6:26  SCV x2  
  82  6:27  Marine x2  
  82  6:28  Marine  
  82  6:30  Stimpack  
  87  6:44  Supply Depot x2  
  87  6:52  SCV x2  
  87  6:53  Marine x2  
  87  6:54  Marine  
  91  6:55  Viking x2  
  91  6:57  Siege Tank  
  91  6:58  Marine x2  
  101  7:07  Supply Depot  
  100  7:11  Marine  
  100  7:28  SCV x3  
  103  7:30  Marine x5  
  103  7:32  Siege Tank  
  103  7:33  Medivac x2  
  115  7:42  SCV x2  
  117  7:47  Marine  
  117  7:48  Marine  
  117  7:50  SCV  
  120  7:54  SCV  
  121  8:02  Marine  
  121  8:03  Marine x2  
  121  8:05  Marine, Siege Tank  
  127  8:06  Medivac x2  
  127  8:11  SCV  
  133  8:22  Combat Shield, Barracks  
  133  8:24  Barracks  
  133  8:26  Barracks  
  133  8:32  Terran Infantry Armor Level 1, Terran Infantry Weapons Level 1  
  133  8:41  Supply Depot  
  133  8:42  Supply Depot  
  133  8:48  Supply Depot  
  133  9:02  Marine x5, SCV x3  
  141  9:09  Supply Depot  
  141  9:10  Supply Depot  
  141  9:11  Supply Depot  
  141  9:14  SCV  
  140  9:20  Marine x2  
  140  9:24  Marine  
  143  9:35  Barracks Reactor x3  
  143  9:38  Marine x2  
  145  9:39  Marine x2  
  145  9:41  Marine, Siege Tank  
  145  9:42  Medivac x2  
  145  9:43  Terran Vehicle Weapons Level 1  
  155  9:53  SCV x3, Supply Depot  
  155  9:55  Supply Depot  
  155  9:58  Command Center  
  158  10:05  Refinery  
  158  10:06  Marine x3, SCV x2  
  163  10:07  Refinery  
  163  10:08  Factory  
  163  10:30  Marine x3  
  163  10:31  Marine x2  
  163  10:32  Marine x5  
  163  10:33  Marine  
  174  10:44  Siege Tank  
  174  10:46  Viking x2  
  174  10:48  Marine x4  
  174  10:49  Marine x3  
  186  10:51  Starport  
  188  10:58  SCV x2  
  188  10:59  SCV  
  188  11:04  Marine x2  
  193  11:16  Siege Tank  
  196  11:19  Missile Turret x2  
  196  11:22  Missile Turret  
Show
View Real Time Build Order
Export as new Build Order

IA (Medio) 1 Terran - Winner!

Build Orders:  

Get SALT Encoding   

  12  0:00  SCV  
  13  0:13  SCV  
  14  0:18  Supply Depot  
  14  0:25  SCV  
  15  0:39  SCV  
  15  0:42  Barracks  
  16  0:47  Refinery  
  16  0:52  SCV  
  17  1:04  SCV  
  18  1:17  Supply Depot  
  18  1:29  Marine  
  19  1:33  Orbital Command, Barracks  
  19  1:44  Refinery  
  19  1:48  Barracks Tech Lab  
  19  2:06  Marine  
  19  2:07  Factory  
  20  2:24  Marine, Supply Depot  
  21  2:31  Marine  
  22  2:44  Marine  
  23  2:57  Marine  
  24  3:03  Supply Depot  
  24  3:10  Marine  
  24  3:11  SCV  
  26  3:23  SCV  
  26  3:24  Engineering Bay  
  27  3:28  Marauder  
  29  3:35  SCV  
  29  3:36  Hellion  
  32  3:47  SCV  
  33  3:49  Marine  
  33  3:51  Supply Depot  
  34  4:00  SCV  
  34  4:02  Marauder  
  37  4:12  SCV  
  37  4:15  Hellion  
  40  4:36  Hellion  
  42  6:18  SCV  
  42  6:44  Marine, Barracks Tech Lab  
  43  6:48  Factory  
  43  6:52  Command Center, Starport, Factory Tech Lab  
  43  6:54  Missile Turret  
  43  6:56  Missile Turret  
  43  6:58  Ghost Academy  
  43  6:59  Supply Depot  
  43  7:03  Marauder  
  43  7:04  Sensor Tower  
  43  7:07  Armory, Marauder  
  47  7:11  Barracks  
  47  7:17  Bunker  
  33  7:24  Marine  
  33  7:28  Marine  
  33  7:29  Starport Tech Lab  
  31  7:31  Factory Tech Lab  
  31  7:41  Marine  
  32  7:48  Marine  
  32  7:49  Raven  
  34  7:58  Barracks Reactor  
  34  7:59  Marine  
  34  8:05  SCV  
  36  8:08  Marine, SCV  
  36  8:12  Missile Turret  
  38  8:13  Missile Turret  
  38  8:16  Refinery  
  38  8:17  SCV  
  38  8:18  Marine  
  40  8:20  SCV, Refinery  
  41  8:28  Marine  
  41  8:29  SCV  
  41  8:32  SCV, Raven  
  41  8:34  Bunker  
  46  8:38  Marine  
  46  8:41  SCV  
  48  8:44  SCV  
  48  8:49  Marauder  
  48  8:53  SCV  
  51  8:56  SCV  
  51  8:58  Ghost  
  54  9:05  SCV  
  54  9:08  SCV  
  56  9:10  Marauder  
  47  9:17  SCV  
  47  9:18  Marine  
  47  9:20  SCV  
  47  9:26  Raven  
  47  9:28  Marine  
  47  9:29  SCV  
  45  9:32  SCV  
  44  9:38  Marine  
  44  9:41  SCV  
  44  9:44  SCV  
  47  9:48  Marine  
  48  9:53  SCV  
  48  9:56  SCV  
  48  9:58  Marine  
  51  10:06  SCV  
  50  10:08  Marine, SCV, Raven  
  51  10:18  Marine  
  49  10:26  SCV  
  48  10:29  Marine, SCV  
  45  10:36  Hellion  
  45  10:38  SCV  
  45  10:41  SCV  
  46  10:44  Hellion  
  46  10:45  Supply Depot  
  42  10:50  SCV  
  42  10:51  Raven  
  42  10:53  SCV  
  39  10:58  Hellion  
  39  11:03  SCV  
  39  11:05  Hellion  
  37  11:12  Marauder  
  37  11:15  SCV  
  34  11:28  Marine  
  35  11:35  Viking  
  33  11:51  Marine  
Tags
 
League
Platinum
Matchup
TvT
Race
Terran
Spawn Locations
Cross Positions
Add a new tag
Caveats
  • Supply blocks, unpowered buildings, or Contaminate may cause inaccurate times.
  • Supply counts are checked every 10 seconds.